EL
SPRINGFIELD CARDINALS @ FRISCO ROUGHRIDERS
10/30/2047
 
TOP OF THE 1ST
Reading Fightin Phils batting - Pitching for Springfield Cardinals : RHP Ben Cook
Pitching: RHP Ben Cook
Batting: RHB Matt Strong 0-0: Called Strike
0-1: Called Strike
0-2: Foul Ball, location: 2F
0-2: Ball
1-2: Ground out 4-3 (Groundball, 34, EV 85.0 MPH)
Batting: RHB Fletcher Easter 0-0: Called Strike
0-1: Called Strike
0-2: Ground out 4-3 (Groundball, 4, EV 102.5 MPH)
Batting: SHB Lance Franklin 0-0: Ball
1-0: Ball
2-0: Called Strike
2-1: Foul Ball, location: 2F
2-2: Ball
3-2: Foul Ball, location: 2F
3-2: Hit by Pitch
Batting: RHB Kory Sanchez 0-0: Ground out 5-3 (Groundball, 56, EV 106.2 MPH)
Top of the 1st over - 0 runs, 0 hits, 0 errors, 1 left on base; Reading 0 - Springfield 0
BOTTOM OF THE 1ST
Springfield Cardinals batting - Pitching for Reading Fightin Phils : RHP Joe Kimbrough
Pitching: RHP Joe Kimbrough
Batting: RHB John Parra 0-0: Foul Ball, location: 2F
0-1: Ball
1-1: Fly out, F9 (Flyball, 89D, EV 95.6 MPH)
Batting: RHB Klaas Meij 0-0: Called Strike
0-1: Called Strike
0-2: Strikes out swinging
Batting: RHB Melvin Enriquez 0-0: Ball
1-0: Ball
2-0: SINGLE (Groundball, 6D, EV 105.6 MPH)
Pitching: RHP Bobby Lonergan
Batting: LHB Shigeru Ono 0-0: Ball
1-0: Ball
Melvin Enriquez is caught stealing 2nd base 2-6
Bottom of the 1st over - 0 runs, 1 hit, 0 errors, 0 left on base; Reading 0 - Springfield 0
TOP OF THE 2ND
Reading Fightin Phils batting - Pitching for Springfield Cardinals : RHP Ben Cook
Batting: LHB Chris Fandino 0-0: Ground out 6-3 (Groundball, 6, EV 105.6 MPH)
Batting: RHB Austin Wiebe 0-0: Called Strike
0-1: SINGLE (Groundball, 6MD, EV 106.9 MPH)
Batting: LHB Darrell Ortega 0-0: SINGLE (Groundball, 4MD, EV 103.8 MPH) (infield hit)
Austin Wiebe to second
Batting: LHB Danny Hill 0-0: Called Strike
0-1: Foul Ball, location: 2F
0-2: Ball
1-2: Foul Ball, location: 2F
1-2: Strikes out swinging
Pinch Hitting: LHB Jose Fierro 0-0: Foul Ball, location: 2F
0-1: Foul Ball, location: 2F
0-2: Foul Ball, location: 2F
0-2: Ball
1-2: DOUBLE (Flyball, 78D, EV 96.2 MPH)
Austin Wiebe scores
Darrell Ortega to third
Runner from 3rd tries for Home, throw by LF and OUT! 7-6-2
Top of the 2nd over - 1 run, 3 hits, 0 errors, 1 left on base; Reading 1 - Springfield 0
BOTTOM OF THE 2ND
Springfield Cardinals batting - Pitching for Reading Fightin Phils : RHP Bobby Lonergan
Now at 1B: Jose Fierro
Now at 3B: Austin Wiebe
Batting: LHB Shigeru Ono 0-0: Swinging Strike
0-1: Ball
1-1: Ball
2-1: Foul Ball, location: 2F
2-2: Ground out 6-3 (Groundball, 6, EV 104.4 MPH)
Batting: RHB David Fernandez 0-0: Ball
1-0: Swinging Strike
1-1: Fly out, F9 (Line Drive, 9D, EV 92.5 MPH)
Batting: RHB Dave Cluster 0-0: Ground out 3-1 (Groundball, 34S, EV 90.0 MPH)
Bottom of the 2nd over - 0 runs, 0 hits, 0 errors, 0 left on base; Reading 1 - Springfield 0
TOP OF THE 3RD
Reading Fightin Phils batting - Pitching for Springfield Cardinals : RHP Ben Cook
Batting: RHB Matt Strong 0-0: Called Strike
0-1: Ball
1-1: Swinging Strike
1-2: Ball
2-2: Strikes out swinging
Batting: RHB Fletcher Easter 0-0: Ball
1-0: Called Strike
1-1: Fly out, F4 (Flyball, 4D, EV 80.0 MPH)
Batting: SHB Lance Franklin 0-0: Called Strike
0-1: Swinging Strike
0-2: Foul Ball, location: 2F
0-2: Ball
1-2: Ball
2-2: SINGLE (Line Drive, 6D, EV 95.6 MPH)
Batting: RHB Kory Sanchez 0-0: Ball
1-0: Called Strike
1-1: Fly out, F8 (Flyball, 8RD, EV 82.5 MPH)
Top of the 3rd over - 0 runs, 1 hit, 0 errors, 1 left on base; Reading 1 - Springfield 0
BOTTOM OF THE 3RD
Springfield Cardinals batting - Pitching for Reading Fightin Phils : RHP Bobby Lonergan
Batting: LHB Yeong-hun Joe 0-0: Called Strike
0-1: Ball
1-1: Foul Ball, location: 2F
1-2: Ground out 6-3 (Groundball, 6M, EV 102.5 MPH)
Batting: RHB Tony Mendez 0-0: Called Strike
0-1: Foul Ball, location: 2F
0-2: Foul Ball, location: 2F
0-2: Foul Ball, location: 2F
0-2: Ball
1-2: Strikes out swinging
Batting: RHB Danny Gallo 0-0: Ball
1-0: SINGLE (Groundball, 6S, EV 70.0 MPH) (infield hit)
Batting: RHB John Parra 0-0: Ball
1-0: Ball
2-0: Swinging Strike
2-1: Swinging Strike
2-2: Strikes out swinging
Bottom of the 3rd over - 0 runs, 1 hit, 0 errors, 1 left on base; Reading 1 - Springfield 0
TOP OF THE 4TH
Reading Fightin Phils batting - Pitching for Springfield Cardinals : RHP Ben Cook
Batting: LHB Chris Fandino 0-0: Called Strike
0-1: Foul Ball, location: 2F
0-2: Ground out U3 (Groundball, 3, EV 100.6 MPH)
Batting: RHB Austin Wiebe 0-0: Ground out 1-3 (Groundball, 15S, EV 66.2 MPH)
Batting: LHB Darrell Ortega 0-0: Called Strike
0-1: Ball
1-1: Called Strike
1-2: Foul Ball, location: 2F
1-2: Foul Ball, location: 2F
1-2: Strikes out swinging
Top of the 4th over - 0 runs, 0 hits, 0 errors, 0 left on base; Reading 1 - Springfield 0
BOTTOM OF THE 4TH
Springfield Cardinals batting - Pitching for Reading Fightin Phils : RHP Bobby Lonergan
Batting: RHB Klaas Meij 0-0: DOUBLE (Line Drive, 9LS, EV 105.0 MPH)
Batting: RHB Melvin Enriquez 0-0: Called Strike
0-1: Foul Ball, location: 2F
0-2: Ball
1-2: SINGLE (Line Drive, 56D, EV 108.1 MPH)
Klaas Meij to third
Runner from 3rd tries for Home, SAFE, throw by LF to home
Batting: LHB Shigeru Ono 0-0: Ball
1-0: Called Strike
Melvin Enriquez steals 2nd base
1-1: Called Strike
1-2: Ground out 4-3 (Groundball, 4, EV 97.5 MPH)
Melvin Enriquez to third
Batting: RHB David Fernandez 0-0: Called Strike
0-1: Foul Ball, location: 2F
0-2: 2-RUN HOME RUN (Flyball, 7D, EV 98.1 MPH), Distance : 389 ft
Batting: RHB Dave Cluster 0-0: Foul Ball, location: 2F
0-1: Ball
1-1: Called Strike
1-2: Foul Ball, location: 2F
1-2: Foul Ball, location: 2F
1-2: Ball
2-2: Ground out U3 (Groundball, 34, EV 82.5 MPH)
Batting: LHB Yeong-hun Joe 0-0: Ball
1-0: Foul Ball, location: 2F
1-1: Ground out 4-3 (Groundball, 4, EV 86.9 MPH)
Bottom of the 4th over - 3 runs, 3 hits, 0 errors, 0 left on base; Reading 1 - Springfield 3
TOP OF THE 5TH
Reading Fightin Phils batting - Pitching for Springfield Cardinals : RHP Ben Cook
Batting: LHB Danny Hill 0-0: Called Strike
0-1: Ball
1-1: Ground out 5-3 (Groundball, 56S, EV 65.6 MPH)
Batting: LHB Jose Fierro 0-0: Ball
1-0: Ball
2-0: Ball
3-0: Base on Balls
Batting: RHB Matt Strong 0-0: Called Strike
Jose Fierro is caught stealing 2nd base 2-4
0-1: Foul Ball, location: 2F
0-2: Ball
1-2: Ball
2-2: Foul Ball, location: 2F
2-2: Ground out 6-3 (Groundball, 6M, EV 96.9 MPH)
Top of the 5th over - 0 runs, 0 hits, 0 errors, 0 left on base; Reading 1 - Springfield 3
BOTTOM OF THE 5TH
Springfield Cardinals batting - Pitching for Reading Fightin Phils : RHP Bobby Lonergan
Batting: RHB Tony Mendez 0-0: DOUBLE (Line Drive, 8RXD, EV 105.0 MPH)
Batting: RHB Danny Gallo 0-0: Swinging Strike
0-1: Ball
1-1: Ball
2-1: Foul Ball, location: 2F
2-2: Ball
3-2: Base on Balls
Pitching: RHP Adam Rasmussen
Batting: RHB John Parra 0-0: Ball
1-0: Ground out 5-3 (Groundball, 5L, EV 100.6 MPH)
Tony Mendez to third
Danny Gallo to second
Batting: RHB Klaas Meij 0-0: Called Strike
0-1: Fly out, F8 (Flyball, 8RM, EV 86.2 MPH)
Runner from 3rd tags up, SCORES, throw by CF
Batting: RHB Melvin Enriquez 0-0: Reached on error, E3 (Groundball, 3L, EV 76.9 MPH)
Danny Gallo to third
Batting: LHB Shigeru Ono 0-0: SINGLE (Line Drive, 6D, EV 93.8 MPH)
Danny Gallo scores
Melvin Enriquez to second
Batting: RHB David Fernandez 0-0: Ball
1-0: Ball
2-0: Called Strike
2-1: Fly out, F8 (Flyball, 8RD, EV 89.4 MPH)
Bottom of the 5th over - 2 runs, 2 hits, 1 error, 2 left on base; Reading 1 - Springfield 5
TOP OF THE 6TH
Reading Fightin Phils batting - Pitching for Springfield Cardinals : RHP Ben Cook
Batting: RHB Fletcher Easter 0-0: Ball
1-0: Foul Ball, location: 2F
1-1: Foul Ball, location: 2F
1-2: Foul Ball, location: 2F
1-2: Ball
2-2: Fly out, F2 (Popup, 13S, EV 78.8 MPH)
Batting: SHB Lance Franklin 0-0: Called Strike
0-1: Foul Ball, location: 2F
0-2: Ball
1-2: Fly out, F7 (Flyball, 78D, EV 100.6 MPH)
Batting: RHB Kory Sanchez 0-0: Called Strike
0-1: Ball
1-1: Ball
2-1: Foul Ball, location: 2F
2-2: SINGLE (Flyball, 89S, EV 88.1 MPH)
Pitching: RHP Perry Cashwell
Batting: LHB Chris Fandino 0-0: Ball
1-0: Swinging Strike
1-1: Ball
2-1: Foul Ball, location: 2F
2-2: Foul Ball, location: 2F
2-2: Ball
3-2: SINGLE (Groundball, 4D, EV 101.2 MPH)
Kory Sanchez to second
Kory Sanchez to third
Batting: RHB Austin Wiebe 0-0: Ball
1-0: Swinging Strike
1-1: Swinging Strike
1-2: Ball
2-2: Ball
3-2: Strikes out swinging
Top of the 6th over - 0 runs, 2 hits, 0 errors, 2 left on base; Reading 1 - Springfield 5
BOTTOM OF THE 6TH
Springfield Cardinals batting - Pitching for Reading Fightin Phils : RHP Adam Rasmussen
Batting: RHB Dave Cluster 0-0: Ground out 6-3 (Groundball, 6, EV 83.1 MPH)
Batting: LHB Yeong-hun Joe 0-0: Called Strike
0-1: Foul Ball, location: 2F
0-2: Ball
1-2: Ball
2-2: Ground out U3 (Groundball, 34S, EV 83.8 MPH)
Batting: RHB Tony Mendez 0-0: Ball
1-0: Ball
2-0: Ball
3-0: Called Strike
3-1: Swinging Strike
3-2: Strikes out swinging
Bottom of the 6th over - 0 runs, 0 hits, 0 errors, 0 left on base; Reading 1 - Springfield 5
TOP OF THE 7TH
Reading Fightin Phils batting - Pitching for Springfield Cardinals : RHP Perry Cashwell
Batting: LHB Darrell Ortega 0-0: Ball
1-0: Called Strike
1-1: Foul Ball, location: 2F
1-2: Foul Ball, location: 2F
1-2: Ball
2-2: Strikes out swinging
Batting: LHB Danny Hill 0-0: Foul Ball, location: 2F
0-1: Foul Ball, location: 2F
0-2: Ground out 5-3 (Groundball, 56, EV 78.8 MPH)
Batting: LHB Jose Fierro 0-0: Ground out U3 (Groundball, 3S, EV 81.9 MPH)
Top of the 7th over - 0 runs, 0 hits, 0 errors, 0 left on base; Reading 1 - Springfield 5
BOTTOM OF THE 7TH
Springfield Cardinals batting - Pitching for Reading Fightin Phils : RHP Adam Rasmussen
Batting: RHB Danny Gallo 0-0: Ground out 1-3 (Groundball, 34S, EV 68.1 MPH)
Batting: RHB John Parra 0-0: Ball
1-0: Called Strike
1-1: Ball
2-1: Foul Ball, location: 2F
2-2: Foul Ball, location: 2F
2-2: Foul Ball, location: 2F
2-2: SINGLE (Flyball, 78S, EV 88.1 MPH)
Batting: RHB Klaas Meij 0-0: Ball
John Parra steals 2nd base
1-0: Called Strike
1-1: Called Strike
1-2: Ground out 5-3 (Groundball, 56S, EV 85.6 MPH)
Batting: RHB Melvin Enriquez 0-0: Swinging Strike
0-1: Ground out 4-3 (Groundball, 4, EV 84.4 MPH)
Bottom of the 7th over - 0 runs, 1 hit, 0 errors, 1 left on base; Reading 1 - Springfield 5
TOP OF THE 8TH
Reading Fightin Phils batting - Pitching for Springfield Cardinals : RHP Perry Cashwell
Batting: RHB Matt Strong 0-0: Called Strike
0-1: Ball
1-1: Foul Ball, location: 2F
1-2: Ball
2-2: Foul Ball, location: 2F
2-2: Ball
3-2: Foul Ball, location: 2F
3-2: DOUBLE (Line Drive, 78D, EV 106.9 MPH)
Batting: RHB Fletcher Easter 0-0: Ball
1-0: Swinging Strike
1-1: Ball
2-1: Ball
3-1: Called Strike
3-2: Strikes out swinging
Batting: SHB Lance Franklin 0-0: Called Strike
0-1: Swinging Strike
0-2: Ball
1-2: Strikes out swinging
Batting: RHB Kory Sanchez 0-0: Called Strike
0-1: Ball
1-1: Foul Ball, location: 2F
1-2: Foul Ball, location: 2F
1-2: Strikes out swinging
Top of the 8th over - 0 runs, 1 hit, 0 errors, 1 left on base; Reading 1 - Springfield 5
BOTTOM OF THE 8TH
Springfield Cardinals batting - Pitching for Reading Fightin Phils : RHP Adam Rasmussen
Pitching: RHP David Maxwell
Batting: LHB Shigeru Ono 0-0: Called Strike
0-1: SINGLE (Groundball, 34D, EV 105.6 MPH)
Batting: RHB David Fernandez 0-0: Ball
1-0: Reached on error, E6 (Groundball, 6, EV 93.1 MPH)
Shigeru Ono to second
Batting: RHB Dave Cluster 0-0: SINGLE (Groundball, 4MD, EV 99.4 MPH)
Shigeru Ono to third
David Fernandez to second
Batting: LHB Yeong-hun Joe 0-0: SINGLE (Groundball, 4, EV 102.5 MPH)
Shigeru Ono scores
David Fernandez to third
Dave Cluster to second
Batting: RHB Tony Mendez 0-0: Ball
1-0: Called Strike
1-1: Foul Ball, location: 2F
1-2: Ball
2-2: Ball
3-2: Base on Balls
David Fernandez scores
Dave Cluster to third
Yeong-hun Joe to second
Batting: RHB Danny Gallo 0-0: Ball
1-0: Ball
2-0: Ball
3-0: Base on Balls
Dave Cluster scores
Yeong-hun Joe to third
Tony Mendez to second
Pitching: RHP Javier Trujillo
Batting: RHB John Parra 0-0: Ball
1-0: Fielders Choice at 2nd, 6-4 (Groundball, 6, EV 84.4 MPH)
Yeong-hun Joe scores
Tony Mendez to third
Batting: RHB Klaas Meij 0-0: Ball
1-0: Foul Ball, location: 2F
1-1: Ball
2-1: Foul Ball, location: 2F
2-2: Foul Ball, location: 2F
2-2: Strikes out swinging
Batting: RHB Melvin Enriquez 0-0: 3-RUN HOME RUN (Flyball, 7LD, EV 94.4 MPH), Distance : 347 ft
Batting: LHB Shigeru Ono 0-0: Swinging Strike
0-1: Called Strike
0-2: Foul Ball, location: 2F
0-2: Ground out 4-3 (Groundball, 34, EV 106.2 MPH)
Bottom of the 8th over - 7 runs, 4 hits, 1 error, 0 left on base; Reading 1 - Springfield 12
TOP OF THE 9TH
Reading Fightin Phils batting - Pitching for Springfield Cardinals : RHP Perry Cashwell
Batting: LHB Chris Fandino 0-0: Ball
1-0: Ball
2-0: Foul Ball, location: 2F
2-1: Foul Ball, location: 2F
2-2: Ball
3-2: SINGLE (Groundball, 34D, EV 94.4 MPH)
Pitching: LHP Nick Suggett
Batting: RHB Austin Wiebe 0-0: Called Strike
0-1: Ball
1-1: Ball
2-1: Ball
3-1: Swinging Strike
3-2: Fielders Choice at 2nd, 2-6 (Groundball, 13S, EV 73.1 MPH)
Pinch Hitting: RHB Zach Downs 0-0: Ball
1-0: Ball
2-0: Foul Ball, location: 2F
2-1: Swinging Strike
2-2: Strikes out swinging
Batting: LHB Danny Hill 0-0: Called Strike
0-1: Foul Ball, location: 2F
0-2: Ball
1-2: Strikes out swinging
Top of the 9th over - 0 runs, 1 hit, 0 errors, 1 left on base; Reading 1 - Springfield 12
Thursday, December 15th , 2022 - OOTP Baseball 23.9 Build 102